 Dungeon Sprint DCSS version 0.19-a0-1886-gd64a0f0 (webtiles) character file.

61114 Loading the Gargoyle Cataclysm (level 15, -9/107 HPs)
             Began as a Gargoyle Gladiator on Oct 15, 2016.
             Was a High Priest of Qazlal.
             Killed from afar by Jory (48 damage)
             ... with a crystal spear
             ... in the Dungeon (Sprint IX: "|||||||||||||||||||||||||||||").
             The game lasted 00:18:18 (3831 turns).

Loading the Gargoyle Cataclysm (Gargoyle Gladiator) Turns: 3831, Time: 00:18:19

Health: -9/107     AC: 40    Str: 22    XL:     15   Next: 1%
Magic:  23/30      EV: 15    Int: 13    God:    Qazlal [*****.]
Gold:   1497       SH:  9    Dex: 15    Spells: 0 memorised, 14 levels left

rFire  . . .     SeeInvis .     F - +2 lajatang (pain)
rCold  + . .     Gourm    .     y - +2 plate armour {rC+}
rNeg   + . .     Faith    .     (shield currently unavailable)
rPois  ∞         Spirit   .     z - +2 hat
rElec  +         Dismiss  .     s - +0 cloak
rCorr  .         Reflect  +     w - +0 pair of gloves
MR     +....     Harm     .     v - +0 pair of boots
Stlth  .......... NoTele   +    c - +2 amulet of reflection
                                r - +3 ring of intelligence
                                q - +3 ring of strength

@: protected from physical damage, flying, repel missiles
A: big wings, negative energy resistance 1, electricity resistance, unbreathing,
petrification resistance, rot immunity, AC +11
a: Stop Flying, Upheaval, Elemental Force, Disaster Area, Renounce Religion


You were in the Dungeon.
You worshipped Qazlal.
Qazlal was extremely pleased with you.
You were not hungry.

You visited 1 branch You collected 1942 gold pieces.
You spent 445 gold pieces at shops.

Inventory:

Hand Weapons
 o - a +2 lajatang
 F - a +2 lajatang of pain (weapon)
Missiles
 g - 4 throwing nets (quivered)
Armour
 s - a +0 cloak (worn)
 v - a +0 pair of boots (worn)
 w - a +0 pair of gloves (worn)
 y - a +2 plate armour of cold resistance (worn)
 z - a +2 hat (worn)
Jewellery
 c - a +2 amulet of reflection (around neck)
 d - the amulet "Mosuut Vaji" {Harm *Drain Slay+3}
   (You found it in the Dungeon)

   [amulet of harm]

   It increases damage dealt and taken.
   It affects your accuracy and damage with ranged weapons and melee attacks
   (+3).
   It causes draining when unequipped.
 p - an uncursed ring of ice
 q - a +3 ring of strength (left hand)
 r - a +3 ring of intelligence (right hand)
 A - an uncursed ring of ice
 B - an uncursed ring of protection from cold
Wands
 n - a wand of lightning (7/15)
Scrolls
 f - 3 scrolls of identify
 k - 4 scrolls of blinking
 l - 4 scrolls of remove curse
 m - 2 scrolls of amnesia
 E - a scroll of recharging
Potions
 a - 6 potions of heal wounds
 b - a potion of haste
 e - 7 potions of curing
 i - 3 potions of magic
 j - a potion of berserk rage
 x - a potion of lignification
 C - a potion of cure mutation
Comestibles
 h - 31 fruits
 t - 12 bread rations
 u - 12 meat rations


   Skills:
 + Level 17.2 Fighting
 * Level 21.4 Staves
 - Level 1.7 Throwing
 + Level 16.9 Armour
 + Level 13.9 Dodging
 * Level 22.0 Invocations


You had 14 spell levels left.
You didn't know any spells.

Dungeon Overview and Level Annotations

Branches:
Dungeon (1/1)

Altars:
Cheibriados
Dithmenos
Elyvilon
Fedhas
Gozag
Hepliaklqana
Kikubaaqudgha
Makhleb
Nemelex Xobeh
Okawaru
Qazlal
Ru
Sif Muna
Trog
Uskayaw
Vehumet
Xom
Yredelemnul
Zin
The Shining One
Beogh
Jiyva
Lugonu

Shops:
D [[}:

Annotations:
D Jory


Innate Abilities, Weirdness & Mutations

You are resistant to torment.
Your stone body is resilient. (AC +11)
You are immune to poison.
Your large and strong wings let you fly indefinitely.
You resist negative energy. (rN+)
You are resistant to electric shocks. (rElec)
You can survive without breathing.
You are immune to petrification.
You are immune to rotting.


Message History

Nature churns violently around you!
The blast of ice hits Jory.
Jory partially resists.
Jory is heavily damaged.
Jory is flash-frozen.
Jory says, "Leave me alone!"
Jory hits you with a great sword of freezing!
* * * LOW HITPOINT WARNING * * *
Jory bites you but does no damage.
You hit Jory.
Jory is heavily damaged.
You slash Jory!
Jory is heavily damaged.
Jory closely misses you. Jory bites you!
* * * LOW HITPOINT WARNING * * *
Unknown command.
You feel much better.
Jory points at you and mumbles some strange words.
The crystal spear hits you!
You feel more protected from physical attacks.
You die...

▓▓▓▓▓▓▓▓▓▓
......V@.▓
▓▓▓▓▓▓▓▓▓▓▓▓▓▓▓▓▓.▓
........'.........▓
▓▓▓▓▓▓▓▓▓▓▓▓▓▓▓▓▓▓▓
..................▓
▓▓▓▓▓▓▓▓▓▓▓▓▓▓▓▓▓.▓
.....'............▓
▓▓▓▓▓▓▓▓▓▓▓▓▓▓▓▓▓▓▓
..................▓


You could see Jory.

Vanquished Creatures
  Gastronok (D)
  Frances (D)
  A sphinx (D)
  2 storm dragons (D)
  A nagaraja (D)
  3 frost giants (D)
  A vault warden (D)
  3 ironheart preservers (D)
  A spriggan defender (D)
  3 stone giants (D)
  An ettin (D)
  Josephine (D)
  A fire dragon (D)
  A yaktaur captain (D)
  A great orb of eyes (D)
  Erolcha (D)
  3 centaur warriors (D)
  2 hydras (D)
  A death knight (D)
  An alligator (D)
  3 tengu warriors (D)
  A deep troll shaman (D)
  A deep troll earth mage (D)
  A shock serpent (D)
  A vampire mage (D)
  Sonja (D)
  A sea snake (D)
  A flayed ghost (D)
  2 hill giants (D)
  A spriggan druid (D)
  An ironbrand convoker (D)
  A wizard (D)
  2 wolf spiders (D)
  An orb spider (D)
  A necromancer (D)
  A mana viper (D)
  2 ugly things (D)
  A deep elf mage (D)
  2 orc knights (D)
  8 orc sorcerers (D)
  A manticore (D)
  6 black mambas (D)
  2 vault sentinels (D)
  2 sirens (D)
  A water nymph (D)
  A naga mage (D)
  5 spiny frogs (D)
  3 yaktaurs (D)
  A freezing wraith (D)
  A rime drake (shapeshifter) (D)
  An efreet (D)
  A troll (D)
  3 merfolk (D)
  2 jumping spiders (D)
  A tyrant leech (D)
  2 hornets (D)
  A snapping turtle (D)
  2 slime creatures (D)
  A shadow (D)
  A vampire (D)
  6 wraiths (D)
  3 redbacks (D)
  A wyvern (D)
  3 yaks (D)
  A yak (shapeshifter) (D)
  2 hungry ghosts (D)
  2 vampire mosquitoes (D)
  2 wargs (D)
  An insubstantial wisp (D)
  A naga (D)
  A hell hound (D)
  3 porcupines (D)
  2 water moccasins (D)
  7 orc warriors (D)
  An ice beast (D)
  A phantom (D)
  A boggart (D)
  7 wolves (D)
  2 bullfrogs (D)
  A crimson imp (D)
  3 orc priests (D)
  2 hounds (D)
  10 orc wizards (D)
  2 adders (D)
  An adder skeleton (D)
  3 leopard geckos (D)
  8 orcs (D)
  A bat skeleton (D)
  A goblin (D)
  A kobold (D)
  A giant cockroach zombie (D)
  A rat (D)
183 creatures vanquished.

Vanquished Creatures (others)
  An unseen horror (D)
  A bat skeleton (D)
2 creatures vanquished.

Grand Total: 185 creatures vanquished

Notes
Turn   | Place    | Note
-------+----------+-------------------------------------------
     0 | D        | Loading the Gargoyle Gladiator began the quest for the Orb.
     0 | D        | Reached XP level 1. HP: 12/12 MP: 1/1
     9 | D        | Reached skill level 1 in Armour
    12 | D        | Reached XP level 2. HP: 15/18 MP: 2/2
   149 | D        | Noticed a phantom
   169 | D        | Reached skill level 5 in Staves
   169 | D        | Reached XP level 3. HP: 21/24 MP: 3/3
   189 | D        | Killed a phantom
   189 | D        | Reached skill level 5 in Fighting
   189 | D        | Reached XP level 4. HP: 15/31 MP: 4/4
   189 | D        | Reached XP level 5. HP: 17/35 MP: 5/5
   359 | D        | Found a roughly hewn altar of Beogh.
   359 | D        | Found a snail-covered altar of Cheibriados.
   359 | D        | Found a shadowy altar of Dithmenos.
   359 | D        | Found a white marble altar of Elyvilon.
   359 | D        | Found a blossoming altar of Fedhas.
   359 | D        | Found an opulent altar of Gozag.
   360 | D        | Found a hazy altar of Hepliaklqana.
   361 | D        | Found a viscous altar of Jiyva.
   362 | D        | Found an ancient bone altar of Kikubaaqudgha.
   363 | D        | Found a corrupted altar of Lugonu.
   364 | D        | Found a burning altar of Makhleb.
   365 | D        | Found a sparkling altar of Nemelex Xobeh.
   366 | D        | Found an iron altar of Okawaru.
   367 | D        | Found a stormy altar of Qazlal.
   368 | D        | Found a sacrificial altar of Ru.
   369 | D        | Found a deep blue altar of Sif Muna.
   370 | D        | Found a bloodstained altar of Trog.
   371 | D        | Found a hide-covered altar of Uskayaw.
   372 | D        | Found a radiant altar of Vehumet.
   373 | D        | Found a shimmering altar of Xom.
   374 | D        | Found a basalt altar of Yredelemnul.
   375 | D        | Became a worshipper of Qazlal Stormbringer
   376 | D        | Found a glowing silver altar of Zin.
   377 | D        | Found a glowing golden altar of the Shining One.
   435 | D        | Noticed a hungry ghost
   435 | D        | Noticed a hungry ghost
   444 | D        | Reached skill level 1 in Invocations
   448 | D        | Reached * piety under Qazlal
   448 | D        | Reached skill level 5 in Armour
   448 | D        | Reached skill level 2 in Invocations
   471 | D        | Killed a hungry ghost
   471 | D        | Reached skill level 5 in Dodging
   471 | D        | Reached skill level 4 in Invocations
   471 | D        | Reached XP level 6. HP: 39/42 MP: 7/9
   492 | D        | Killed a hungry ghost
   492 | D        | Reached skill level 6 in Invocations
   492 | D        | Reached XP level 7. HP: 46/47 MP: 9/11
   493 | D        | Reached ** piety under Qazlal
   514 | D        | Noticed an efreet
   514 | D        | Noticed a wraith
   514 | D        | Noticed a vampire
   520 | D        | Killed an efreet
   520 | D        | Reached skill level 7 in Invocations
   527 | D        | Killed a wraith
   527 | D        | Reached skill level 10 in Staves
   527 | D        | Reached skill level 8 in Invocations
   527 | D        | Reached XP level 8. HP: 33/54 MP: 11/14
   563 | D        | Killed a vampire
   563 | D        | Reached *** piety under Qazlal
   757 | D        | Noticed a wraith
   758 | D        | Noticed a wraith
   759 | D        | Noticed Josephine
   760 | D        | Noticed a wraith
   767 | D        | Killed a wraith
   767 | D        | Reached skill level 9 in Invocations
   768 | D        | Noticed a wraith
   779 | D        | Killed Josephine
   779 | D        | Reached skill level 10 in Invocations
   779 | D        | Reached XP level 9. HP: 32/60 MP: 14/16
   789 | D        | Reached **** piety under Qazlal
   808 | D        | Reached skill level 11 in Invocations
  1041 | D        | Got the amulet "Mosuut Vaji" {Harm *Drain Slay+3}
  1054 | D        | Noticed a spiny frog
  1054 | D        | Noticed a seven-headed hydra
  1059 | D        | Killed a spiny frog
  1066 | D        | Killed a seven-headed hydra
  1066 | D        | Reached skill level 10 in Fighting
  1066 | D        | Reached skill level 12 in Invocations
  1066 | D        | Reached XP level 10. HP: 53/68 MP: 9/19
  1079 | D        | Reached ***** piety under Qazlal
  1079 | D        | Reached skill level 10 in Armour
  1218 | D        | Noticed a black mamba
  1218 | D        | Noticed a black mamba
  1218 | D        | Noticed a spiny frog
  1221 | D        | Noticed a spiny frog
  1228 | D        | Killed a black mamba
  1231 | D        | Killed a black mamba
  1231 | D        | Reached skill level 13 in Invocations
  1231 | D        | Killed a spiny frog
  1231 | D        | Reached ****** piety under Qazlal
  1231 | D        | Killed a spiny frog
  1369 | D        | Reached XP level 11. HP: 74/74 MP: 21/21
  1615 | D        | Noticed an orc knight
  1615 | D        | Noticed an orc knight
  1616 | D        | Killed an orc knight
  1616 | D        | Reached skill level 14 in Invocations
  1625 | D        | Killed an orc knight
  1652 | D        | Noticed an orc sorcerer
  1654 | D        | Killed an orc sorcerer
  1759 | D        | Found Timpaluro's Antique Armour Emporium.
  1759 | D        | Noticed an orc sorcerer
  1759 | D        | Noticed an orc sorcerer
  1759 | D        | Noticed an orc sorcerer
  1760 | D        | Noticed an orc sorcerer
  1761 | D        | Killed an orc sorcerer
  1761 | D        | Reached skill level 15 in Staves
  1761 | D        | Killed an orc sorcerer
  1761 | D        | Killed an orc sorcerer
  1761 | D        | Reached skill level 15 in Invocations
  1762 | D        | Killed an orc sorcerer
  1763 | D        | Found Xuin's Armour Shoppe.
  1765 | D        | Noticed an orc sorcerer
  1766 | D        | Found Ysoruti's Gadget Emporium.
  1767 | D        | Noticed an orc sorcerer
  1768 | D        | Killed an orc sorcerer
  1768 | D        | Killed an orc sorcerer
  1768 | D        | Reached skill level 10 in Dodging
  1773 | D        | Noticed an orc sorcerer
  1777 | D        | Killed an orc sorcerer
  1778 | D        | Found Zicwidej's Book Shoppe.
  1904 | D        | Bought a +0 cloak for 45 gold pieces
  1904 | D        | Bought a +2 plate armour of cold resistance for 400 gold pieces
  1976 | D        | Noticed Erolcha
  1987 | D        | Killed Erolcha
  1995 | D        | Noticed Gastronok
  2009 | D        | Killed Gastronok
  2009 | D        | Reached skill level 16 in Invocations
  2009 | D        | Reached XP level 12. HP: 79/82 MP: 15/24
  2046 | D        | Noticed Sonja
  2046 | D        | Killed Sonja
  2297 | D        | Killed a tengu warrior
  2302 | D        | Noticed an ettin
  2304 | D        | Noticed a deep troll earth mage
  2305 | D        | Killed an ettin
  2305 | D        | Killed a deep troll earth mage
  2305 | D        | Reached skill level 17 in Invocations
  2312 | D        | Noticed a deep troll shaman
  2313 | D        | Noticed a tengu warrior
  2319 | D        | Noticed a tengu warrior
  2321 | D        | Killed a tengu warrior
  2323 | D        | Killed a deep troll shaman
  2325 | D        | Killed a tengu warrior
  2555 | D        | Reached XP level 13. HP: 90/90 MP: 18/25
  2620 | D        | Reached skill level 18 in Invocations
  2748 | D        | Noticed a nagaraja
  2766 | D        | Killed a nagaraja
  2853 | D        | Reached skill level 19 in Invocations
  2853 | D        | Reached skill level 15 in Fighting
  2929 | D        | Noticed Frances
  2934 | D        | Killed Frances
  3077 | D        | Noticed a stone giant
  3077 | D        | Noticed a stone giant
  3079 | D        | Noticed a spriggan defender
  3081 | D        | Killed a stone giant
  3081 | D        | Reached skill level 15 in Armour
  3081 | D        | Killed a spriggan defender
  3082 | D        | Killed a stone giant
  3082 | D        | Gained mutation: Your large and strong wings let you fly indefinitely. [Gargoyle growth]
  3082 | D        | Reached XP level 14. HP: 94/98 MP: 12/27
  3083 | D        | Noticed a frost giant
  3088 | D        | Noticed a stone giant
  3089 | D        | Killed a frost giant
  3089 | D        | Reached skill level 20 in Invocations
  3095 | D        | Noticed a frost giant
  3103 | D        | Killed a stone giant
  3105 | D        | Killed a frost giant
  3106 | D        | Noticed a frost giant
  3117 | D        | Killed a frost giant
  3476 | D        | Noticed a vault warden
  3476 | D        | Noticed an ironheart preserver
  3477 | D        | Killed a vault warden
  3477 | D        | Killed an ironheart preserver
  3477 | D        | Reached skill level 21 in Invocations
  3486 | D        | Noticed an ironheart preserver
  3496 | D        | Noticed a storm dragon
  3501 | D        | Killed an ironheart preserver
  3508 | D        | Noticed a storm dragon
  3509 | D        | Killed a storm dragon
  3512 | D        | Noticed a sphinx
  3513 | D        | Killed a storm dragon
  3514 | D        | Noticed an ironheart preserver
  3516 | D        | Paralysed by a sphinx for 4 turns
  3529 | D        | Killed a sphinx
  3533 | D        | Killed an ironheart preserver
  3546 | D        | Reached skill level 22 in Invocations
  3546 | D        | Reached XP level 15. HP: 45/107 MP: 7/30
  3805 | D        | Noticed Jory
  3822 | D        | HP: 3/107 [Jory/great sword of freezing (11)]
  3822 | D        | HP: 1/107 [Jory/great sword of freezing (2)]
  3831 | D        | Killed from afar by Jory

Vault maps used:
D:        linesprint

Skill      XL: |  1  2  3  4  5  6  7  8  9 10 11 12 13 14 |
---------------+-------------------------------------------+-----
Armour         | 1 2 4 5 6 7 8 9 10 12 13 15 16 | 16.9
Staves         | 5 6 8 9 10 11 12 14 16 17 19 21 | 21.4
Fighting       | 3 5 6 7 9 10 11 12 14 15 17 | 17.2
Dodging        | 3 4 5 6 7 8 9 10 11 12 13 | 13.9
Invocations    | 4 6 8 10 12 13 16 17 19 22 | 22.0
Throwing       | |  1.7

Action                   |  1- 3 |  4- 6 |  7- 9 | 10-12 | 13-15 || total
-------------------------+-------+-------+-------+-------+-------++-------
Melee: Quarterstaff      |    43 |       |       |       |       ||    43
       Lajatang          |       |    53 |   107 |   103 |   157 ||   420
Invok: Upheaval          |       |       |     2 |     8 |    12 ||    22
       Disaster Area     |       |       |       |    12 |    12 ||    24
 Abil: Fly               |       |       |       |       |     1 ||     1
  Use: Potion            |     1 |     1 |     3 |       |     5 ||    10
       Scroll            |       |       |       |     2 |     2 ||     4
  Eat: Bread ration      |       |     1 |       |       |       ||     1
       Chunk             |       |       |     5 |     5 |       ||    10
       Fruit             |       |       |       |     9 |       ||     9
Armor: Leather armour    |    11 |       |       |       |       ||    11
       Chain mail        |       |    33 |    47 |    22 |       ||   102
       Plate armour      |       |       |       |    12 |    69 ||    81
Dodge: Dodged            |    12 |    21 |    36 |    30 |    59 ||   158
       Deflected         |       |       |       |       |     1 ||     1
Block: Other             |       |     4 |    12 |    18 |    41 ||    75
       Reflection        |       |       |       |       |     2 ||     2
